 Dungeon Crawl Stone Soup version 0.25.1-2-g60ff931df9 (webtiles) character file.

Game seed: 14371910307192389228

226 lepoulpe303 the Insei (level 6, -1/58 HPs)
             Began as an Octopode Transmuter on Aug 4, 2020.
             Succumbed to a gnoll's poison
             ... on level 3 of the Dungeon.
             The game lasted 00:08:32 (3280 turns).

lepoulpe303 the Insei (Octopode Transmuter)         Turns: 3280, Time: 00:08:33

Health: -1/58      AC: 23    Str: 11    XL:     6   Next: 1%
Magic:  10/10      EV:  2    Int: 15    God:
Gold:   135        SH:  0    Dex: 13    Spells: 5/11 levels left

rFire    . . .     SeeInvis .     - Unarmed
rCold    . . .     Gourm    .   (no shield)
rNeg     + + +     Faith    .   (helmet currently unavailable)
rPois    +         Spirit   .   (no amulet)
rElec    .         Reflect  .   (no ring)
rCorr    .         Harm     .   (no ring)
MR       .....     NoTele   +   (no ring)
Stlth    +.........             (no ring)
HPRegen  0.19/turn              (no ring)
MPRegen  0.12/turn              (no ring)
                                (no ring)
                                (no ring)

@: lethally poisoned (-1 -> -19), tree-form, berserk cooldown, slowed, very slow
A: almost no armour, stealthy swim, (amphibious), 8 rings, (constrict 8)
a: no special abilities


You were on level 3 of the Dungeon.
You were not hungry.
You were a tree.
You visited 1 branch of the dungeon, and saw 5 of its levels.

You collected 135 gold pieces.

Inventory:

Hand Weapons
 c - a +1 dagger of speed
 n - a +1 dagger of draining
 o - a +2 dagger of venom
Missiles
 h - 8 poisoned darts (quivered)
 Q - 27 arrows
Scrolls
 d - 2 scrolls of remove curse {unknown}
 f - a scroll of teleportation {unknown}
 g - a scroll of blinking {unknown}
 i - 2 scrolls of enchant armour {unknown}
 l - 2 scrolls of identify {unknown}
Potions
 a - a potion of curing {unknown}
 b - a potion of mutation {!q}
 j - a potion of lignification {!q}
 k - a potion of flight {unknown}
 m - a potion of haste {unknown}
Comestibles
 e - 7 rations
 q - 4 chunks of flesh


   Skills:
 + Level 2.1 Fighting
 + Level 2.8 Dodging
 * Level 4.1 Unarmed Combat
 * Level 3.1 Spellcasting
 * Level 3.3 Transmutations
 + Level 0.7 Poison Magic


You had 5 spell levels left.
You knew the following spells:

 Your Spells              Type           Power        Failure   Level  Hunger
a - Beastly Appendage     Tmut           ##....       4%          1    #......
c - Spider Form           Tmut/Pois      #.........   26%         3    ###....
s - Sticks to Snakes      Tmut           ##......     8%          2    ##.....

Your spell library contained the following spells:

 Spells                   Type           Power        Failure   Level  Hunger
 Ice Form                 Ice/Tmut       #.......     69%         4    #####..
 Blade Hands              Tmut           ##........   80%         5    ######.


Dungeon Overview and Level Annotations

Branches:
Dungeon (5/15)
 Temple: D:4-7

Altars:
Okawaru
Yredelemnul


Innate Abilities, Weirdness & Mutations

You cannot wear most types of armour.
You are very stealthy in the water. (Stealth+)
((You are amphibious.))
You can wear up to eight rings at the same time.
((You can use your tentacles to constrict eight enemies at once.))
((Your skin changes colour to match your surroundings (Stealth+).))
((Your rubbery body absorbs attacks. (AC +1, EV +1)))
((You can translocate small distances at will.))
((You are covered in fur. (AC +1)))


Message History

You feel stronger.
* * * LOW HITPOINT WARNING * * *
You feel sick. The gnoll hits you but does no damage.
MP restored: 10 You are too berserk!
You feel a strong urge to attack something.
* * * LOW HITPOINT WARNING * * *
You feel sick.
The gnoll hits you from afar with a +2 halberd of venom.
* * * LOW HITPOINT WARNING * * *
You are more poisoned.
You take 2 damage, and have 3/87 hp.
You are too berserk!
* * * LOW HITPOINT WARNING * * *
You feel sick.
You take 1 damage, and have 2/87 hp.
You feel your anger nearly subside.
You are no longer berserk.
You are exhausted.
You feel yourself slow down.
You die...

#.##.............#. K.......#
#..........#######. .g....=.#
######........<#... ...(....#
##.###.#####.## ...g.g..#
#....#.# #...# ........##
#..#.#.# #.####
.........#########.#.###.#...
.........#g.......<#.....#.##
.........#)#♣..........÷.#.#
######+#.#÷#.##########.##.#
#..g#.# #....# #####.# ######
..# ###


You could see a gnoll.

Levels and vault maps discovered:
D:1:      dpeg_arrival_boxes_within_box, layout_basic
D:2:      layout_basic, yredelemnul_forgotten_temple_becter, okawaru_gym_becter
D:3:      layout_basic
D:4:      layout_basic
D:5:      layout_loops_ring, first_ration, guppyfry_early_lair_pool

Notes
Turn   | Place    | Note
-------+----------+-------------------------------------------
     0 | D:1      | lepoulpe303 the Octopode Transmuter began the quest for the
                  | Orb.
     0 | D:1      | Reached XP level 1. HP: 13/13 MP: 3/3
   109 | D:1      | Identified a +0 club
   122 | D:1      | Reached XP level 2. HP: 12/18 MP: 5/5
   333 | D:1      | Identified a +0 club
   449 | D:1      | Identified a +0 club
   555 | D:1      | Learned a level 2 spell: Sticks to Snakes
   630 | D:1      | HP: 3/18 [leopard gecko (3)]
   631 | D:1      | Reached XP level 3. HP: 4/23 MP: 4/6
  1012 | D:1      | Identified a +0 club
  1029 | D:1      | Identified a +0 club
  1195 | D:1      | Identified a +0 dagger
  1378 | D:2      | Identified a +0 dagger
  1386 | D:2      | Identified a +0 whip
  1608 | D:2      | Reached XP level 4. HP: 28/28 MP: 7/7
  1618 | D:2      | Learned a level 3 spell: Spider Form
  1668 | D:2      | Found an iron altar of Okawaru.
  1750 | D:2      | Identified a +1 dagger of draining
  1760 | D:2      | Identified a +2 dagger of venom
  1762 | D:2      | Identified a +0 club
  1824 | D:2      | Found a basalt altar of Yredelemnul.
  1972 | D:2      | Identified a +0 short sword
  2401 | D:3      | You fall into a shaft and drop 2 floors!
  2401 | D:5      | Entered Level 5 of the Dungeon
  2411 | D:5      | Identified a +0 giant spiked club
  2411 | D:5      | Noticed an ogre
  2620 | D:4      | Reached skill level 3 in Transmutations
  2620 | D:4      | Reached XP level 5. HP: 19/34 MP: 9/9
  2816 | D:3      | Identified a +0 short sword
  2827 | D:3      | Identified a +0 dagger
  2827 | D:3      | Identified a +0 ring mail
  2831 | D:3      | Identified a +0 dagger
  2831 | D:3      | Identified a +0 robe
  2840 | D:3      | Reached skill level 2 in Fighting
  2840 | D:3      | Reached skill level 4 in Unarmed Combat
  2840 | D:3      | Reached skill level 3 in Spellcasting
  3007 | D:3      | Identified a +0 dagger
  3221 | D:3      | Identified a +2 halberd of venom
  3223 | D:3      | Identified a +0 whip
  3270 | D:3      | HP: 7/34 [gnoll (5)]
  3271 | D:3      | Identified 2 potions of mutation
  3271 | D:3      | Gained mutation: You can translocate small distances at
                  | will. [potion of mutation]
  3271 | D:3      | Gained mutation: You are covered in fur. (AC +1) [potion of
                  | mutation]
  3272 | D:3      | Identified 2 potions of lignification
  3273 | D:3      | Identified a potion of berserk rage
  3275 | D:3      | HP: 5/76 [poisoned by a gnoll]
  3276 | D:3      | Reached XP level 6. HP: 5/39 MP: 10/10
  3279 | D:3      | HP: 2/87 [poisoned by a gnoll]
  3280 | D:3      | Succumbed to a gnoll's poison

Table legend:
 A = Turns spent in this place as a percentage of turns spent in the entire game.
 B = Non-inter-level travel turns spent in this place as a percentage of non-inter-level travel turns spent in the entire game.
 C = Inter-level travel turns spent in this place as a percentage of turns spent in this place.
 D = Turns resting spent in this place as a percentage of non-inter-level travel turns spent in this place.
 E = Turns spent auto-exploring this place as a percentage of non-inter-level travel turns spent in this place.
 F = Non-inter-level travel turns spent in this place divided by the number of levels of this place that you've seen.
                   A       B       C       D       E      F
               +-------+-------+-------+-------+-------+----------------------
         Total | 100.0 | 100.0 |   2.7 |  38.8 |  40.0 | 638.0
       Dungeon | 100.0 | 100.0 |   2.7 |  38.8 |  40.0 | 638.0
               +-------+-------+-------+-------+-------+----------------------

Table legend:
 A = Kills in this place as a percentage of kills in entire the game.
 B = Kills by you in this place as a percentage of kills by you in the entire game.
 C = Kills by friends in this place as a percentage of kills by friends in the entire game.
 D = Other kills in this place as a percentage of other kills in the entire game.
 E = Experience gained in this place as a percentage of experience gained in the entire game.
 F = Experience gained in this place divided by the number of levels of this place that you have seen.
                   A       B       C       D       E      F
               +-------+-------+-------+-------+-------+----------------------
         Total | 100.0 | 100.0 |   N/A |   N/A | 100.0 |  64.6
       Dungeon | 100.0 | 100.0 |   N/A |   N/A | 100.0 |  64.6
               +-------+-------+-------+-------+-------+----------------------

Skill      XL: |  1  2  3  4  5 |
---------------+----------------+-----
Transmutations | 3 |  3.3
Fighting       | 2 |  2.1
Unarmed Combat | 4 |  4.1
Spellcasting   | 3 |  3.1
Dodging        | |  2.8
Poison Magic   | |  0.7

Action                   |  1- 3 |  4- 6 || total
-------------------------+-------+-------++-------
Melee: Unarmed           |    90 |    93 ||   183
       Constrict         |    25 |    23 ||    48
       Kick              |    11 |    14 ||    25
       Tentacles         |    11 |    10 ||    21
       Punch             |       |     2 ||     2
Throw: Dart              |       |     1 ||     1
 Cast: Beastly Appendage |     5 |     8 ||    13
       Sticks to Snakes  |       |     1 ||     1
  Use: Potion            |       |     3 ||     3
 Stab: Sleeping          |     7 |     5 ||    12
  Eat: Chunk             |     2 |     3 ||     5
       Ration            |       |     1 ||     1
Armor: Skin              |    10 |    18 ||    28
Dodge: Dodged            |    68 |    62 ||   130

Vanquished Creatures
  2 hounds
  An orc wizard (D:3)
  2 gnolls (D:3)
  3 adders
  An adder skeleton (D:5)
  A dart slug (D:1)
  7 leopard geckos
  2 orcs (D:3)
  6 giant cockroaches
  10 goblins
  6 hobgoblins
  2 jackals (D:1)
  9 kobolds
  A quokka (D:2)
  9 bats
  5 frilled lizards
  6 rats
  A spectral orc (D:2)
74 creatures vanquished.
